 Dungeon Crawl Stone Soup version 0.31.0-9-g3a7656b989 (webtiles) character file.

Game seed: 5709102019107288266

39 Glamhuggeren the Changeling (level 3, -2/29 HPs)
             Began as a Draconian Shapeshifter on Feb 2, 2024.
             Slain by a cerulean imp
             ... wielding a +0 spear
             ... summoned by Natasha
              (5 damage)
             ... on level 2 of the Dungeon.
             The game lasted 00:02:30 (1084 turns).

Glamhuggeren the Changeling (DrSh)                  Turns: 1084, Time: 00:02:30

Health: -2/29      AC:  5    Str: 16    XL:     3   Next: 28%
Magic:  3/3        EV: 12    Int: 10    God:
Gold:   102        SH:  0    Dex: 12    Spells: 2/2 levels left

rFire   . .          .
                       - Unarmed
rCold   . . .        (no shield)
rNeg    . . .        (body armour unavailable)
rPois   .            (helmet currently unavailable)
rElec   .            (cloak currently unavailable)
rCorr   .            (gloves currently unavailable)
SInv    .            (boots currently unavailable)
Will    .....        (no amulet)
Stlth   +            (no ring)
HPRegen 0.24/turn    (no ring)
MPRegen 0.08/turn

%: no passive effects
@: beast-form, slowed, very slow
A: beast (slay +2), AC +5, unfitting armour, cold-blooded
a: Begin Untransformation


You were on level 2 of the Dungeon.
You were a hulking beast.
You visited 1 branch of the dungeon, and saw 2 of its levels.

You collected 102 gold pieces.

Inventory:

Missiles
 e - 3 stones (quivered)
Armour
 a - a +0 leather armour
 d - a +0 pair of boots
Magical Staves
 m - a staff of fire
Talismans
 b - a beast talisman
 c - a flux talisman
Scrolls
 f - a scroll of silence {unknown}
 g - a scroll of revelation {unknown}
 i - a scroll of identify {unknown}
 l - a scroll of amnesia {unknown}
Potions
 h - a potion of degeneration {unknown}
 j - a potion of curing {unknown}
 k - a potion of mutation {unknown}


   Skills:
 + Level 2.1 Fighting
 - Level 2.0 Dodging
 - Level 3.0 Unarmed Combat
 * Level 3.8 Shapeshifting


You had 2 spell levels left.
You didn't know any spells.
Your spell library contained the following spells:

 Spells                   Type           Power      Damage    Failure   Level
 Blink                    Tloc           0%         N/A       50%         2
 Lesser Beckoning         Tloc           0%         N/A       50%         2
 Momentum Strike          Conj/Tloc      0%         3d8       50%         2


Dungeon Overview and Level Annotations

Branches:
Dungeon (2/15)

Altars:

Annotations:
D:2 Natasha


Innate Abilities, Weirdness & Mutations

You are a hulking beast.
Your limbs bulge with bestial killing power. (Slay +2)
Your plain brown scales are hard. (AC +5)
You cannot fit into any form of body armour.
You are cold-blooded and may be slowed by cold attacks.


Message History

Natasha closely misses you. The cerulean imp misses you.
You hit Natasha but do no damage.
Natasha is lightly wounded.
Natasha casts a spell.
The cerulean imp hits you but does no damage.
You hit Natasha.
Natasha is moderately wounded.
Natasha misses you. The cerulean imp misses you.
The cerulean imp hits you with a +2 spear.
You closely miss Natasha.
Natasha is moderately wounded.
Natasha claws you. The cerulean imp barely misses you.
You hit Natasha.
Natasha is severely wounded.
The cerulean imp hits you with a +2 spear.
Natasha mumbles some strange words.
You feel troubled.
Natasha stares at you and mumbles some strange words.
You feel yourself slow down.
Okay, then.
You hit Natasha but do no damage. You tail-slap Natasha.
Natasha is almost dead.
The cerulean imp barely misses you.
The cerulean imp hits you but does no damage.
Natasha barely misses you. The cerulean imp barely misses you. x2
You closely miss Natasha.
Natasha is almost dead.
Natasha misses you. The cerulean imp closely misses you.
The cerulean imp hits you with a +2 spear.
Natasha casts a spell.
You completely miss Natasha.
Natasha is almost dead.
The cerulean imp hits you but does no damage.
The cerulean imp hits you with a +2 spear.
Natasha claws you!
* * * LOW HITPOINT WARNING * * *
The cerulean imp hits you with a +2 spear.
* * * LOW HITPOINT WARNING * * *
The cerulean imp hits you with a +0 spear.
You die...

# .. #########
..######## #........
.........# #........
......?.# #........
#......# #........
#......#######........
#.....5......'........
##..hh..######.....†..
......55....#
#........
.........##..#
#........ .........#
#..###.....##
.........#
#.........+.
....###### ##.......##
.... #....##### ...
##.#. # #.##


You could see Natasha and 3 cerulean imps.

Vanquished Creatures
  A ribbon worm (D:2)
  2 dart slugs
  A bat (D:1)
  6 endoplasms (D:1)
  4 giant cockroaches (D:1)
  2 goblins (D:1)
  2 hobgoblins
  2 quokkas (D:1)
  5 ball pythons
  A kobold (D:1)
  2 rats
28 creatures vanquished.

Notes
Turn   | Place    | Note
-------+----------+-------------------------------------------
     0 | D:1      | Glamhuggeren the Draconian Shapeshifter began the quest for
                  | the Orb.
     0 | D:1      | Reached XP level 1. HP: 16/16 MP: 1/1
    93 | D:1      | Reached XP level 2. HP: 23/23 MP: 2/2
   698 | D:1      | Reached XP level 3. HP: 28/29 MP: 3/3
  1068 | D:2      | Noticed Natasha
  1084 | D:2      | Slain by a cerulean imp

Illustrated notes

Levels and vault maps discovered:
D:1:      dpeg_arrival_tiny_k, layout_loops_ring, serial_glass, glass_columns_c,
          glass_columns_b, glass_columns_a, glass_columns_a,
          minmay_misc_feat_tiny
D:2:      layout_basic, ebering_ecumenical_altar_mist, uniq_robin, uniq_natasha

Skill      XL: |  1  2 |
---------------+-------+-----
Dodging        | 2 |  2.0
Fighting       | 2 |  2.1
Unarmed Combat | |  3.0
Shapeshifting  | |  3.8

Action                     || total
---------------------------++-------
  Melee: Unarmed           ||    93
         Tailslap          ||    10
         Punch             ||     2
    Use: Potion            ||     1
 Armour: Skin              ||    78
  Dodge: Dodged            ||    58
